 Dungeon Crawl Stone Soup version 0.30-a0-371-gad7725a93e (webtiles) character file.

Game seed: 1268960058086616580

1213 funkygono the Firebug (level 8, -2/63 HPs)
             Began as a Human Cinder Acolyte on Nov 21, 2022.
             Was a Priest of Ignis.
             Slain by a gnoll
             ... wielding a +0 halberd of venom
             ... led by a gnoll bouda
              (8 damage)
             ... on level 5 of the Dungeon.
             The game lasted 00:07:39 (4848 turns).

funkygono the Firebug (Human Cinder Acolyte)        Turns: 4848, Time: 00:07:40

Health: -2/63      AC:  8    Str: 24    XL:     8   Next: 74%
Magic:  13/15      EV: 11    Int: 25    God:    Ignis [***...]
Gold:   309        SH:  0    Dex:  9    Spells: 14/16 levels left

rFire   + + .      SeeInvis .    y - +7 long sword of Insufficient Pleasure {chaos, *Corrode Str+8 Int+4}
rCold   x . .      Faith    .    (no shield)
rNeg    + . .      Spirit   .    w - +0 ring mail {rN+}
rPois   .          Reflect  .    l - +0 helmet
rElec   .          Harm     .    (no cloak)
rCorr   .          Rampage  .    (no gloves)
Will    .....                    e - +1 pair of boots
Stlth   ..........               (no amulet)
HPRegen 0.30/turn                c - +6 ring of intelligence
MPRegen 0.14/turn                o - ring of fire

@: no status effects
A: no striking features
a: Renounce Religion, Fiery Armour, Foxfire Swarm, Rising Flame


You were on level 5 of the Dungeon.
You worshipped Ignis.
Ignis was most pleased with you.
You visited 1 branch of the dungeon, and saw 5 of its levels.

You collected 309 gold pieces.

Inventory:

Hand Weapons
 a - a -1 falchion of flaming
 y - the +7 long sword of Insufficient Pleasure (weapon) {chaos, *Corrode Str+8 Int+4}
   (You took it off an orc wizard on level 4 of the Dungeon)

   Each time it hits an enemy it has a different, random effect.
   Str:       It affects your strength (+8).
   Int:       It affects your intelligence (+4).
   *Corrode:  It may corrode you when you take damage.
Armour
 b - a +0 robe
 e - a +1 pair of boots (worn)
 h - a +0 leather armour
 i - a +0 chain mail
 l - a +0 helmet (worn)
 w - a +0 ring mail of positive energy (worn)
Magical Staves
 x - a staff of poison
Jewellery
 c - a +6 ring of intelligence (left hand)
 f - a ring of protection from cold
 o - a ring of fire (right hand)
 p - a ring of flight
 v - a +6 ring of intelligence
Wands
 k - a wand of roots (18)
Scrolls
 d - 4 scrolls of teleportation
 t - 2 scrolls of fog
 u - a scroll of blinking
 z - a scroll of magic mapping
 A - a scroll of summoning
 B - a scroll of identify
Potions
 g - 2 potions of curing
 j - a potion of haste {unknown}
 m - 2 potions of might
 n - a potion of heal wounds {unknown}
 q - 3 potions of ambrosia {unknown}
 r - a potion of flight {unknown}
 s - 3 potions of attraction {unknown}


   Skills:
 * Level 5.6 Fighting
 + Level 4.5 Long Blades
 + Level 0.1 Armour
 + Level 2.2 Dodging
 + Level 4.7 Spellcasting
 + Level 6.1 Fire Magic


You had 14 spell levels left.
You knew the following spells:

 Your Spells              Type           Power      Damage    Failure   Level
a - Scorch                Fire           100%       2d10      1%          2

Your spell library contained the following spells:

 Spells                   Type           Power      Damage    Failure   Level
 Summon Small Mammal      Summ           20%        N/A       13%         1
 Call Canine Familiar     Summ           5%         N/A       36%         3
 Summon Guardian Golem    Hex/Summ       5%         N/A       36%         3


Dungeon Overview and Level Annotations

Branches:
Dungeon (5/15)
 Temple: D:4-7

Altars:

Shops:
D:3 ?(   D:4 **


Message History

The water moccasin bites you but does no damage.
You feel very sick.
The water moccasin attacks as you move away!
The water moccasin bites you.
You are more poisoned.
The water moccasin poisons you!
You feel extremely sick.
The water moccasin bites you but does no damage.
You feel very sick.
The water moccasin attacks as you move away!
The water moccasin bites you but does no damage.
You feel very sick.
The water moccasin is no longer more vulnerable to fire.
You closely miss the water moccasin. You punch the water moccasin.
The water moccasin is almost dead.
You feel very sick. The water moccasin misses you.
The gnoll hits you but does no damage.
You are more poisoned.
The water moccasin bites you.
You are lethally poisoned!
The water moccasin poisons you!
The water moccasin attacks as you move away!
The water moccasin closely misses you.
* * * LOW HITPOINT WARNING * * *
You feel extremely sick.
* * * LOW HITPOINT WARNING * * *
You feel very sick. The water moccasin misses you.
* * * LOW HITPOINT WARNING * * *
You feel very sick.
You feel better.
The water moccasin bites you but does no damage.
The gnoll barely misses you. The water moccasin bites you!
* * * LOW HITPOINT WARNING * * *
The water moccasin attacks as you move away!
The water moccasin bites you.
* * * LOW HITPOINT WARNING * * *
The water moccasin bites you but does no damage.
The gnoll hits you from afar with a +0 halberd of venom!
You die...

................####.......#...
###.####..................##..<
#...####........###........#.
#####.........###.###.###......
#...........................#
....####...#..#####...#...#.#
....###..#....#####...#.###.##
........###......##..##.###.<####
.....#### #.##.#@#...............
##...# #.##...Sg..........##
...### #.###...............# ####
#.# #.....#########.... # #<#
#.#...>.# #### #
###.###.#.###.... #.......#.#
#### #....####.# #....# ..#


You could see a water moccasin and a gnoll.

Vanquished Creatures
  A shadow (D:5)
  2 ice beasts (D:5)
  2 ogres
  A phantom (D:5)
  2 necrophages
  A howler monkey (D:4)
  An orc priest (D:3)
  3 hounds
  3 jellies
  2 orc wizards (D:4)
  6 gnolls
  7 adders
  An ufetubus (D:4)
  A worm (D:3)
  6 dart slugs
  9 orcs
  8 endoplasms
  6 giant cockroaches
  5 goblins
  9 hobgoblins
  3 jackals (D:4)
  2 quokkas
  7 ball pythons
  5 bats
  2 frilled lizards
  5 kobolds
  5 rats
105 creatures vanquished.

Notes
Turn   | Place    | Note
-------+----------+-------------------------------------------
     0 | D:1      | funkygono the Human Cinder Acolyte began the quest for the
                  | Orb.
     0 | D:1      | Reached XP level 1. HP: 18/18 MP: 2/2
   256 | D:1      | Reached XP level 2. HP: 16/24 MP: 3/3
   261 | D:1      | Learned a level 2 spell: Scorch
   530 | D:1      | Found a faded altar of an unknown god.
   800 | D:2      | Reached XP level 3. HP: 29/29 MP: 1/4
  1848 | D:3      | Found Juja's Weapon Shop.
  1856 | D:3      | Reached XP level 4. HP: 28/37 MP: 0/6
  1940 | D:3      | Found Ureofic's Magic Scroll Shop.
  2284 | D:3      | Reached XP level 5. HP: 42/42 MP: 5/7
  3019 | D:4      | Reached skill level 4 in Fire Magic
  3019 | D:4      | Reached XP level 6. HP: 41/48 MP: 0/9
  3361 | D:4      | Reached skill level 1 in Dodging
  3362 | D:4      | Identified the +7 long sword of Insufficient Pleasure
                  | {chaos, *Corrode Str+8 Int+4}
  3489 | D:4      | Found Reybbori's Lightly-Used Armoury.
  3499 | D:4      | Found Nigrous's Assorted Antiques.
  3558 | D:4      | Reached XP level 7. HP: 55/55 MP: 6/11
  4145 | D:5      | Entered Level 5 of the Dungeon
  4147 | D:5      | Reached skill level 5 in Fire Magic
  4178 | D:5      | Noticed a shadow
  4184 | D:5      | Killed a shadow
  4185 | D:5      | Reached skill level 5 in Fighting
  4185 | D:5      | Reached XP level 8. HP: 62/62 MP: 0/14
  4693 | D:5      | Reached skill level 6 in Fire Magic
  4848 | D:5      | Slain by a gnoll

Illustrated notes

Levels and vault maps discovered:
D:1:      dpeg_arrival_tiny_a, layout_loops_ring,
          shapermc_ecumenical_altar_mp_vishouse, minmay_misc_feat_diagonals
D:2:      layout_loops_ring, nicolae_eternal_life
D:3:      minmay_recursive_quarters, layout_loops_ring, serial_shops,
          shop_fountains, shop_fountains, minmay_randomly_rotated_circles
D:4:      layout_basic, serial_shops, shop, minmay_shop_damaged
D:5:      layout_rooms, grunt_ministairs_4, minmay_misc_feat_square

Skill      XL: |  1  2  3  4  5  6  7  8 |
---------------+-------------------------+-----
Fighting       | 4 5 |  5.6
Spellcasting   | 2 4 |  4.7
Fire Magic     | 4 5 6 |  6.1
Dodging        | 1 2 |  2.2
Long Blades    | 4 |  4.5
Armour         | |  0.1

Action                   |  1- 3 |  4- 6 |  7- 9 || total
-------------------------+-------+-------+-------++-------
Melee: Falchion          |    48 |    64 |       ||   112
       Punch             |       |     1 |     1 ||     2
       Long sword        |       |       |    38 ||    38
 Cast: Scorch            |    16 |    33 |    32 ||    81
Invok: Fiery Armour      |     2 |     4 |     1 ||     7
  Use: Scroll            |     8 |     2 |     1 ||    11
       Potion            |       |       |     1 ||     1
 Stab: Sleeping          |       |       |     1 ||     1
Armor: Robe              |    29 |    41 |     7 ||    77
       Ring mail         |       |       |    13 ||    13
       Skin              |       |       |     1 ||     1
Dodge: Dodged            |    51 |    55 |    31 ||   137

Table legend: (Time is in decaauts)
 A = Elapsed time spent in this place.
 B = Non-inter-level travel time spent in this place.
 C = Inter-level travel time spent in this place.
 D = Time resting spent in this place.
 E = Time spent auto-exploring this place.
 F = Levels seen in this place.
 G = Mean time per level.
                   A        B        C        D        E       F      G
               +--------+--------+--------+--------+--------+-----+--------+
         Total |   4866 |   4785 |     81 |    100 |   3936 |   5 |  973.2 |
       Dungeon |   4866 |   4785 |     81 |    100 |   3936 |   5 |  973.2 |
               +--------+--------+--------+--------+--------+-----+--------+

Top non-repeatable levels by time:
     D:3: 1249 daAuts
     D:4: 1151 daAuts
     D:2: 1015 daAuts
     D:1: 742 daAuts
     D:5: 707 daAuts
